AoeStats
← THL

Arabia

506850732Analyzed
1v1 RM · 17d ago on Sep 15, 2026· 37m 50s· 2 players
Game mode
Random Map
Map size
Tiny (2 player)
Population
200
Speed
Normal
Resources
Standard
Victory
Conquest
Starting age
Dark Age
Ending age
Imperial Age
RankedLock teamsTeams togetherTeam positionsShared explorationLock speedFull tech treeHidden civsTurbo modeCheats
Victory
Defeat
🇻🇳 Tatars · Vietnam
1763
+16
🇷🇺 Wei · Russia
1754
-16
youteGG_mangoneluser
5:39 Loom
8:29 Feudal Age
10:01 Double-Bit Axe
13:18 Horse Collar
14:56 Town Watch
21:32 Castle Age
20:56 Gold Mining
21:33 Fletching
22:10 Bloodlines
22:40 Bodkin Arrow
22:58 Bow Saw
23:10 Padded Archer Armor
25:27 Husbandry
27:17 Wheelbarrow
29:52 Leather Archer Armor
31:05 Ballistics
32:59 Thumb Ring
THL
6:29 Loom
8:58 Feudal Age
9:27 Double-Bit Axe
17:36 Gold Mining
19:57 Castle Age
18:48 Bloodlines
18:26 Horse Collar
20:59 Bow Saw
20:43 Fletching
21:32 Bodkin Arrow
23:45 Padded Archer Armor
25:52 Leather Archer Armor
27:03 Ballistics
27:22 Husbandry
29:54 Wheelbarrow
40:41 Imperial Age
Connection lost

Rejoining the realm…

Still unreachable

The connection could not be restored.

Session expired

The server has moved on; the page needs a fresh start.